Map: Inside and Out

Players

Classic

  • Race: Protoss Protoss
  • Spawn Location: 7:00

Harstem - Winner!

  • Race: Protoss Protoss
  • Spawn Location: 1:00

VOD

Have the link to the VOD?

Description

Time

  • Played on: Oct. 23, 2022, 7:52 p.m.
  • Length: 12:14
Show
View Real Time Build Order
Export as new Build Order

Classic Protoss 

Build Orders: Oracle Opening 

Get SALT Encoding   

  12  0:00  Probe  
  13  0:12  Probe  
  14  0:19  Pylon  
  14  0:24  Probe  
  15  0:38  Probe (Chrono Boost), Gateway  
  16  0:47  Probe (Chrono Boost), Assimilator  
  17  0:52  Probe (Chrono Boost)  
  18  1:04  Probe  
  19  1:16  Probe (Chrono Boost)  
  19  1:18  Pylon  
  20  1:19  Assimilator  
  21  1:26  Probe (Chrono Boost), Cybernetics Core  
  21  1:31  Probe (Chrono Boost)  
  25  1:52  Nexus  
  22  1:55  Probe  
  23  2:02  Stalker (Chrono Boost)  
  23  2:07  Probe  
  26  2:18  Stargate  
  26  2:28  Stalker  
  28  2:35  Shield Battery  
  28  2:36  Warp Gate  
  28  2:45  Probe  
  29  2:57  Probe  
  30  2:59  Shield Battery  
  30  3:02  Oracle (Chrono Boost)  
  33  3:07  Stalker  
  35  3:14  Probe x2  
  37  3:20  Shield Battery  
  37  3:40  Pylon  
  37  3:41  Probe x2  
  42  3:52  Twilight Council, Gateway  
  38  3:56  Probe (Chrono Boost)  
  38  3:57  Gateway  
  38  4:01  Probe (Chrono Boost)  
  40  4:05  Probe (Chrono Boost)  
  40  4:09  Probe (Chrono Boost)  
  42  4:10  Probe (Chrono Boost)  
  43  4:21  Pylon  
  43  4:22  Probe (Chrono Boost)  
  43  4:23  Blink (Chrono Boost)  
  45  4:24  Probe (Chrono Boost)  
  45  4:27  Stalker, Assimilator  
  48  4:32  Probe (Chrono Boost)  
  48  4:35  Probe (Chrono Boost)  
  48  4:37  Probe (Chrono Boost)  
  49  4:44  Probe  
  51  4:48  Probe  
  51  4:50  Pylon  
  52  4:55  Stalker x3  
  52  4:56  Probe  
  59  5:00  Pylon  
  59  5:03  Probe  
  60  5:08  Probe  
  61  5:22  Stalker x3  
  61  5:24  Gateway  
  67  5:36  Pylon  
  67  5:47  Stalker x2  
  67  5:48  Stalker  
  73  5:50  Nexus  
  73  5:53  Pylon  
  71  6:14  Stalker x3  
  77  6:19  Stalker  
  77  6:21  Probe x2  
  77  6:23  Forge  
  77  6:25  Pylon  
  81  6:37  Probe x2  
  83  6:42  Charge (Chrono Boost)  
  83  6:43  Stalker x4  
  91  6:47  Protoss Ground Weapons Level 1 (Chrono Boost)  
  91  6:49  Probe  
  91  6:50  Probe  
  91  7:01  Probe  
  91  7:02  Probe  
  91  7:05  Gateway x2  
  93  7:11  Gateway  
  93  7:12  Gateway  
  93  7:14  Probe x2  
  95  7:16  Sentry  
  95  7:20  Zealot x3  
  103  7:26  Gateway  
  103  7:30  Pylon  
  103  7:32  Probe x3  
  103  7:36  Pylon  
  106  7:47  Zealot  
  106  7:48  Zealot x2  
  112  7:53  Pylon  
  112  8:01  Pylon  
  112  8:02  Pylon  
  112  8:07  Zealot x5, Probe x2  
  112  8:11  Gateway  
  124  8:13  Zealot x2  
  124  8:17  Templar Archives  
  128  8:31  Zealot x6  
  128  8:33  Pylon  
  140  8:39  Zealot x2  
  140  8:40  Robotics Facility, Protoss Ground Weapons Level 2 (Chrono Boost)  
  144  8:49  Pylon  
  144  8:55  High Templar x2  
  144  8:56  High Templar x2  
  144  8:59  Zealot  
  144  9:00  Zealot  
  144  9:01  Archon x2  
  156  9:03  Pylon  
  156  9:09  Zealot  
  152  9:10  Zealot x2  
  156  9:22  Zealot x2  
  124  9:40  Zealot x5  
  124  9:41  Zealot x2  
  112  9:49  Nexus  
  108  9:56  Zealot x2  
  108  9:59  Observer (Chrono Boost)  
  113  10:01  Probe x3  
  113  10:03  High Templar x2  
  113  10:04  Zealot x5  
  130  10:08  Archon  
  130  10:13  Immortal (Chrono Boost)  
  134  10:23  Zealot x2  
  134  10:27  Zealot, High Templar x2  
  134  10:28  Zealot x2  
  144  10:29  Probe x2  
  144  10:30  Probe  
  144  10:33  Archon  
  147  10:36  Zealot x2  
  151  10:46  Pylon  
  151  10:48  Phoenix (Chrono Boost)  
  151  10:49  Warp Prism (Chrono Boost)  
  155  10:57  Zealot  
  155  10:58  Pylon  
  155  10:59  Pylon  
  155  11:00  Pylon  
  157  11:05  Assimilator  
  157  11:08  Zealot x4  
  157  11:09  Zealot  
  157  11:10  Assimilator  
  167  11:13  Zealot  
  167  11:14  Zealot  
  170  11:19  Zealot  
  170  11:24  Photon Cannon  
  157  11:40  Zealot x4  
  157  11:41  Zealot x4  
Show
View Real Time Build Order
Export as new Build Order

Harstem Protoss - Winner!

Build Orders: Phoenix Opening, Blink Stalkers 

Get SALT Encoding   

  12  0:00  Probe  
  13  0:12  Probe  
  14  0:19  Pylon  
  14  0:24  Probe  
  15  0:37  Gateway, Probe (Chrono Boost)  
  16  0:47  Probe (Chrono Boost)  
  16  0:48  Assimilator  
  17  0:52  Probe (Chrono Boost)  
  18  0:57  Assimilator  
  18  1:03  Probe (Chrono Boost)  
  19  1:12  Gateway  
  19  1:15  Probe (Chrono Boost)  
  20  1:20  Probe (Chrono Boost)  
  20  1:24  Cybernetics Core  
  21  1:30  Probe  
  22  1:37  Pylon  
  22  1:42  Probe  
  23  1:55  Probe  
  23  2:00  Warp Gate (Chrono Boost)  
  24  2:01  Stalker x2  
  24  2:07  Probe  
  29  2:20  Probe  
  30  2:36  Nexus  
  30  2:38  Pylon  
  30  2:42  Probe  
  31  2:56  Sentry, Probe  
  31  2:58  Sentry  
  36  3:06  Pylon  
  36  3:08  Probe  
  36  3:09  Twilight Council  
  37  3:20  Probe  
  40  3:30  Phoenix  
  40  3:32  Probe  
  39  3:41  Stalker x2  
  43  3:43  Blink (Chrono Boost)  
  43  3:44  Probe  
  43  3:45  Probe  
  44  3:53  Probe  
  45  3:56  Probe  
  47  4:02  Probe  
  47  4:05  Stalker  
  47  4:08  Probe  
  51  4:10  Stalker  
  51  4:15  Probe  
  52  4:20  Phoenix, Probe, Pylon  
  53  4:27  Probe  
  54  4:32  Probe  
  54  4:36  Nexus  
  55  4:39  Probe  
  55  4:43  Stalker  
  55  4:44  Probe  
  59  4:51  Probe  
  59  4:52  Stalker  
  62  4:55  Assimilator  
  62  4:57  Probe  
  63  5:03  Probe  
  63  5:05  Phoenix  
  63  5:06  Pylon  
  64  5:13  Stalker  
  65  5:14  Probe  
  65  5:18  Probe  
  67  5:22  Stalker  
  67  5:26  Probe  
  67  5:27  Robotics Facility  
  70  5:30  Probe  
  71  5:37  Stalker  
  71  5:38  Probe  
  71  5:39  Pylon  
  71  5:42  Probe  
  74  5:43  Shield Battery  
  73  5:50  Probe, Stalker  
  73  5:53  Probe  
  73  5:54  Probe  
  78  6:02  Probe, Stalker  
  80  6:05  Probe  
  80  6:06  Probe  
  80  6:10  Pylon  
  80  6:14  Shield Battery, Immortal (Chrono Boost), Stalker  
  80  6:15  Probe  
  80  6:17  Probe  
  80  6:18  Probe  
  89  6:19  Pylon  
  89  6:22  Pylon  
  89  6:27  Sentry, Probe  
  89  6:29  Probe  
  89  6:30  Probe  
  94  6:35  Gateway  
  94  6:37  Stalker  
  96  6:43  Probe  
  96  6:44  Immortal (Chrono Boost)  
  101  6:48  Probe  
  101  6:51  Stalker  
  104  6:58  Phoenix  
  104  7:00  Stalker  
  103  7:02  Probe (Chrono Boost)  
  103  7:03  Probe (Chrono Boost)  
  105  7:09  Forge, Probe (Chrono Boost)  
  105  7:15  Stalker  
  107  7:16  Observer  
  107  7:19  Probe, Pylon  
  107  7:21  Charge  
  109  7:27  Gateway  
  109  7:29  Gateway  
  109  7:30  Pylon  
  109  7:33  Probe  
  109  7:37  Protoss Ground Weapons Level 1 (Chrono Boost)  
  109  7:38  Immortal (Chrono Boost)  
  109  7:40  Gateway  
  109  7:43  Assimilator  
  113  7:44  Gateway  
  113  7:46  Gateway  
  113  7:53  Stalker x2  
  117  8:04  Probe  
  117  8:05  Zealot  
  120  8:08  Pylon  
  120  8:09  Photon Cannon  
  120  8:10  Warp Prism (Chrono Boost)  
  120  8:15  Pylon  
  122  8:20  Pylon  
  121  8:28  Zealot x5  
  121  8:30  Phoenix  
  121  8:34  Templar Archives  
  131  8:35  Assimilator, Pylon  
  131  8:41  Observer  
  131  8:42  Assimilator  
  131  8:50  Zealot x5  
  131  8:53  Zealot  
  131  8:54  Zealot  
  145  8:57  Zealot  
  142  9:11  Zealot x3  
  148  9:17  Pylon  
  148  9:22  Pylon  
  147  9:29  Zealot  
  149  9:32  Protoss Ground Weapons Level 2 (Chrono Boost)  
  149  9:35  Zealot x4  
  139  9:41  Zealot x3  
  131  9:48  Photon Cannon  
  131  9:49  Probe  
  131  9:52  Zealot x2  
  126  9:55  High Templar x2  
  126  9:56  High Templar  
  130  10:00  Archon  
  130  10:04  Observer (Chrono Boost)  
  130  10:06  High Templar x3  
  137  10:10  Archon  
  137  10:15  Nexus  
  137  10:16  Zealot x2, Archon  
  137  10:18  Pylon  
  141  10:28  High Templar x2  
  141  10:29  Probe  
  141  10:30  Immortal  
  141  10:35  Observer, Probe  
  149  10:36  Photon Cannon  
  149  10:40  Archon  
  149  10:41  High Templar x2  
  153  10:43  Probe  
  153  10:46  Zealot x4  
  153  10:47  Archon  
  162  10:53  Photon Cannon  
  162  10:54  Shield Battery, Probe  
  162  10:55  Probe  
  162  10:56  Pylon  
  164  11:03  High Templar x2  
  168  11:08  Archon  
  168  11:14  Probe  
  168  11:17  Zealot x4, High Templar x2  
  181  11:25  Warp Prism (Chrono Boost)  
  179  11:26  Archon  
  179  11:36  High Templar x2  
  179  11:39  Zealot x4  
  187  11:41  Archon  
  173  11:51  Zealot x2  
  173  11:53  Probe x2  
  161  11:54  Probe  
  150  12:02  Dark Shrine  
Tags
 
Add a new tag
Caveats
  • Supply blocks, unpowered buildings, or Contaminate may cause inaccurate times.
  • Supply counts are checked every 10 seconds.